AoeStats
← Lukitasmdp150

Arena

509771790Analyzed
1v1 RM · 3d ago on Sep 28, 2026· 36m 26s· 2 players
Game mode
Random Map
Map size
Tiny (2 player)
Population
200
Speed
Normal
Resources
Standard
Victory
Conquest
Starting age
Dark Age
Ending age
Imperial Age
RankedLock teamsTeams togetherTeam positionsShared explorationLock speedFull tech treeHidden civsTurbo modeCheats
Victory
Defeat
🇺🇸 Spanish · United States
889
+15
🇦🇷 Bohemians · Argentina
875
-23
Lukitasmdp150
8:35 Loom
10:58 Feudal Age
12:06 Double-Bit Axe
16:10 Horse Collar
20:10 Castle Age
18:14 Fletching
21:05 Wheelbarrow
20:52 Crossbowman
23:43 Elite Skirmisher
25:43 Pikeman
28:00 Redemption
31:37 Bow Saw
33:58 Chemistry
37:21 Imperial Age
35:56 Hand Cart
35:27 Town Watch
35:51 Bodkin Arrow
jlplaysstuff
1:10 Loom
10:55 Feudal Age
12:54 Horse Collar
16:20 Castle Age
14:58 Double-Bit Axe
16:01 Padded Archer Armor
25:23 Bloodlines
27:03 Wheelbarrow
26:38 Husbandry
31:44 Hand Cart
31:31 Heavy Plow
34:40 Imperial Age
35:10 Leather Archer Armor
35:20 Town Watch
Connection lost

Rejoining the realm…

Still unreachable

The connection could not be restored.

Session expired

The server has moved on; the page needs a fresh start.